 Dungeon Crawl Stone Soup version 0.21-a0-29-g43b3074 (webtiles) character file.

1756 grindst0ne the Ruffian (level 8, -3/75 (76) HPs)
             Began as a Troll Monk on May 26, 2017.
             Was a Believer of Cheibriados.
             Slain by a large slime creature (36 damage)
             ... on level 6 of the Dungeon.
             The game lasted 00:15:19 (5715 turns).

grindst0ne the Ruffian (Troll Monk)                 Turns: 5715, Time: 00:15:19

HP:   -3/75 (76)    AC:  8    Str: 25    XL:     8   Next: 78%
MP:   7/7           EV: 11    Int: 11    God:    Cheibriados [**....]
Gold: 348           SH:  0    Dex: 19    Spells: 7/7 levels left

rFire    . . .     SeeInvis .     - Unarmed
rCold    . . .     Gourm    +   (no shield)
rNeg     . . .     Faith    .   a - +0 robe
rPois    .         Spirit   .   (helmet restricted)
rElec    .         Reflect  .   t - +1 cloak
rCorr    .         Harm     .   (gloves unavailable)
MR       .....                  (boots unavailable)
Stlth    ++........             (no amulet)
Regen    0.7/turn               (no ring)
MPRegen  0.1/turn               (no ring)

@: very slow
A: unfitting armour, claws 3, rugged brown scales 1, fast metabolism 3,
gourmand, mutation resistance 1, regeneration 1, shaggy fur 1, tough skin 2
a: Bend Time, Renounce Religion


You were on level 6 of the Dungeon.
You worshipped Cheibriados.
Cheibriados was pleased with you.
You were very full.

You visited 2 branches of the dungeon, and saw 7 of its levels.
You also visited: Sewer.

You collected 348 gold pieces.

Inventory:

Missiles
 l - 2 tomahawks (quivered)
Armour
 a - a +0 robe (worn)
 o - a +0 large shield
 t - a +1 cloak (worn)
Jewellery
 n - an uncursed ring of see invisible {unknown}
 s - a +5 ring of evasion {unknown}
Scrolls
 d - a scroll of random uselessness {unknown}
 f - a scroll of identify
 g - a scroll of amnesia
 i - a scroll of enchant armour
 k - a scroll of recharging
 m - 2 scrolls of teleportation
 p - a scroll of remove curse
 q - a scroll of fear
Potions
 c - 2 potions of curing
 e - a potion of flight
 j - 2 potions of heal wounds
Books
 w - a book of Air

   Spells                             Type                      Level
   a - Shock                          Conjuration/Air              1
   b - Swiftness                      Charms/Air                   2
   c - Static Discharge               Conjuration/Air              3
   d - Airstrike                      Air                          4
   e - Lightning Bolt                 Conjuration/Air              5
Comestibles
 b - 4 bread rations
 h - 2 royal jellies
 r - 7 fruits
 A - 3 meat rations


   Skills:
 - Level 2.4 Fighting
 + Level 6.2 Throwing
 - Level 2.4 Dodging
 - Level 1.0 Stealth
 + Level 5.4 Shields
 - Level 6.5 Unarmed Combat


You had 7 spell levels left.
You didn't know any spells.

Dungeon Overview and Level Annotations

Branches:
Dungeon (6/15)             Temple (1/1) D:5

Altars:
Ashenzari
Cheibriados
Dithmenos
Elyvilon
Fedhas
Gozag
Hepliaklqana
Kikubaaqudgha
Makhleb
Nemelex Xobeh
Okawaru
Qazlal
Ru
Sif Muna
Trog
Uskayaw
Vehumet
Wu Jian
Xom
Yredelemnul
Zin
The Shining One


Innate Abilities, Weirdness & Mutations

You are too large for most types of armour.
You have claws for hands.
Your metabolism is lightning-fast.
You like to eat raw meat.
Your natural rate of healing is unusually fast.
You are covered in fur. (AC +1)
You have very tough skin. (AC +2)
You are partially covered in rugged brown scales. (AC +1, +3% HP)
You are somewhat resistant to further mutation.


Message History

The large slime creature barely misses you.
The large slime creature misses you.
You claw the large slime creature!
The large slime creature is moderately wounded.
The large slime creature barely misses you.
You claw the large slime creature!
Your claw misses the large slime creature.
The large slime creature is moderately wounded.
The large slime creature barely misses you.
You claw the large slime creature!
The large slime creature is heavily wounded.
The large slime creature hits you!!!
Ouch! That really hurt!
The ooze jiggles.
There is an open door, spattered with blood here.
The ooze jiggles.
A large slime creature splits.
Two slime creatures merge to form a large slime creature.
The large slime creature hits you!!!
You die...

....#.#### #.#.#......<########
#.#.####............
#........########### ... #####
###### #####.# ##########......
.....###).....##'J.PP..
#..##.......#.#..÷JJ.
#))'@JJ..[..#.#.P.P..
#..'.J......#.#÷JJJ..
#..'......#'#J#.÷.P÷P #########
#.(##.....#J#J#..J... #.......#
#..###....#J#.#.J...P
###.......####.#########.##...÷J!
..........+([)..##########
.##....>..#####.......#
.........##............


You could see a large slime creature and 2 oozes.

Vanquished Creatures
  The ghost of grindst0ne the Skirmisher, an amateur DsBe of Trog (D:3)
  The ghost of hittemvvvvvhard the Firebug, an amateur DEFE (Sewer)
  A necrophage (D:5)
  2 sky beasts (D:5)
  An ogre (D:4)
  A phantom (D:5)
  2 big kobolds (D:6)
  A bullfrog (D:6)
  2 scorpions (D:5)
  A howler monkey (D:5)
  3 hounds
  Crazy Yiuf (D:3)
  3 orc wizards (D:4)
  An iguana (D:5)
  Jessica (D:2)
  3 worker ants
  A worker ant zombie (D:3)
  4 gnolls (D:5)
  13 adders
  7 oozes
  5 worms
  A dart slug (D:2)
  3 leopard geckos
  16 orcs
  14 bats
  8 giant cockroaches
  7 hobgoblins
  14 jackals
  14 kobolds
  A quokka (D:3)
  2 ball pythons
  5 frilled lizards
  5 goblins
  A jackal zombie (D:5)
  5 rats
151 creatures vanquished.

Vanquished Creatures (others)
  2 fungi (D:6)
  9 toadstools (D:6)
11 creatures vanquished.

Grand Total: 162 creatures vanquished

Notes
Turn   | Place    | Note
-------+----------+-------------------------------------------
     0 | D:1      | grindst0ne the Troll Monk began the quest for the Orb.
     0 | D:1      | Reached XP level 1. HP: 22/22 MP: 0/0
   106 | D:1      | Reached XP level 2. HP: 23/29 MP: 1/1
   774 | D:2      | Noticed Jessica
   779 | D:2      | Killed Jessica
   779 | D:2      | Reached skill level 1 in Throwing
   779 | D:2      | Reached XP level 3. HP: 34/36 MP: 2/2
   842 | D:2      | Found a sparkling altar of Nemelex Xobeh.
  1093 | D:2      | Reached XP level 4. HP: 44/44 MP: 3/3
  1258 | D:2      | Found a glowing golden altar of the Shining One.
  1291 | D:2      | Found a shimmering altar of Xom.
  1296 | D:2      | Found a hazy altar of Hepliaklqana.
  1311 | D:2      | Found a deep blue altar of Sif Muna.
  1671 | D:3      | Reached skill level 5 in Unarmed Combat
  1913 | D:3      | Found an opulent altar of Gozag.
  1973 | D:3      | Reached XP level 5. HP: 49/50 MP: 4/4
  2075 | D:3      | Found a glowing drain.
  2075 | D:3      | Noticed grindst0ne's ghost (amateur DsBe)
  2107 | Sewer    | Entered a sewer
  2156 | Sewer    | Noticed hittemvvvvvhard's ghost (amateur DEFE)
  2171 | Sewer    | Gained mutation: You are partially covered in rugged brown scales. (AC +1, +3% HP) [potion of mutation]
  2171 | Sewer    | Gained mutation: You are somewhat resistant to further mutation. [potion of mutation]
  2183 | Sewer    | Killed hittemvvvvvhard's ghost
  2183 | Sewer    | Reached skill level 1 in Shields
  2183 | Sewer    | Reached XP level 6. HP: 51/60 MP: 5/5
  3077 | D:3      | Found a runed door.
  3082 | D:3      | Noticed Crazy Yiuf
  3093 | D:3      | Killed Crazy Yiuf
  3841 | D:4      | Reached XP level 7. HP: 67/67 MP: 6/6
  4010 | D:4      | Found an iron altar of Okawaru.
  4395 | D:3      | Killed grindst0ne's ghost
  4491 | D:5      | Entered Level 5 of the Dungeon
  4506 | D:5      | Reached XP level 8. HP: 60/75 MP: 7/7
  4709 | D:5      | Reached skill level 5 in Throwing
  4902 | D:5      | Found a staircase to the Ecumenical Temple.
  5044 | Temple   | Entered the Ecumenical Temple
  5191 | Temple   | Became a worshipper of Cheibriados the Contemplative
  5191 | Temple   | Reached * piety under Cheibriados
  5191 | Temple   | Reached ** piety under Cheibriados
  5270 | D:5      | Reached skill level 5 in Shields
  5679 | D:6      | Noticed a slime creature
  5679 | D:6      | Noticed a slime creature
  5679 | D:6      | Noticed a slime creature
  5715 | D:6      | Slain by a large slime creature

Vault maps used:
D:1:      minmay_arrival_diagonal_passages
D:2:      overflow_temple_1_default, minmay_overflow_temple_star_quad,
          nemelex_lonely_heart_becter, uniq_jessica
D:3:      gup_sewer_entry_glass, minmay_misc_feat_pillars,
          grunt_gozag_breadcrumbs, uniq_crazy_yiuf_cottage
D:4:      lemuel_doored_altar, first_bread, hangedman_decor_push
D:5:      minmay_temple_entry_statues_fountains
D:6:      cheibrodos_fertilizer, minmay_misc_feat_four_crosses,
          minmay_misc_feat_x, minivault_25
Temple:   nicolae_temple_elliptical
Sewer:    sewer_fruit_machine

Skill      XL: |  1  2  3  4  5  6  7  8 |
---------------+-------------------------+-----
Throwing       | 1 2 3 4 6 |  6.2
Unarmed Combat | 4 5 6 |  6.5
Shields        | 1 3 5 |  5.4
Fighting       | |  2.4
Dodging        | |  2.4
Stealth        | |  1.0

Action                   |  1- 3 |  4- 6 |  7- 9 || total
-------------------------+-------+-------+-------++-------
Melee: Unarmed           |    65 |   235 |   217 ||   517
       Punch             |     1 |     5 |     8 ||    14
  Use: Potion            |       |     7 |       ||     7
       Scroll            |       |       |    12 ||    12
 Stab: Sleeping          |     2 |     1 |     1 ||     4
  Eat: Chunk             |    10 |    28 |    19 ||    57
       Royal jelly       |     1 |       |       ||     1
Armor: Robe              |    21 |   110 |    92 ||   223
Dodge: Dodged            |    28 |   148 |   129 ||   305
